 Dungeon Crawl Stone Soup version 0.24-a0-584-g9d6b971ae4 (webtiles) character file.

Game seed: 4794712574679481446, levelgen mode: deterministic

1383 Htamos the Magician (level 8, -1/50 HPs)
             Began as a Deep Elf Conjurer on Sept 5, 2019.
             Was an Initiate of Sif Muna.
             Slain by an orc warrior
             ... wielding a +0 mace
              (18 damage)
             ... on level 9 of the Dungeon.
             The game lasted 00:18:57 (7068 turns).

Htamos the Magician (Deep Elf Conjurer)             Turns: 7068, Time: 00:18:57

Health: -1/50      AC:  4    Str:  2 (5)  XL:     8   Next: 40%
Magic:  29/29      EV: 12    Int: 20 (23) God:    Sif Muna [......]
Gold:   356        SH:  0    Dex: 12 (15) Spells: 13/20 levels left

rFire    . . .     SeeInvis .   s - +6 hunting sling
rCold    . . .     Gourm    .   (no shield)
rNeg     . . .     Faith    .   a - +0 robe
rPois    .         Spirit   .   (no helmet)
rElec    .         Reflect  .   D - scarf {repulsion}
rCorr    .         Harm     .   l - +1 pair of gloves
MR       .....                  (no boots)
Stlth    ++........             f - amulet of regeneration
HPRegen  0.56/turn              v - ring of wizardry
MPRegen  0.21/turn              r - ring of magical power

@: hasted, repel missiles, very quick
A: no striking features
a: Renounce Religion


You were on level 9 of the Dungeon.
You worshipped Sif Muna.
Sif Muna was noncommittal.
You were not hungry.

You visited 1 branch of the dungeon, and saw 8 of its levels.

You collected 356 gold pieces.

Inventory:

Hand Weapons
 b - a cursed -2 dagger
 g - a +3 hand axe of electrocution
 s - a +6 hunting sling (weapon)
 B - a +2 mace of protection
Missiles
 e - 11 boomerangs
 p - 2 atropa-tipped darts
 t - 150 stones (quivered)
Armour
 a - a +0 robe (worn)
 l - a +1 pair of gloves (worn)
 D - a scarf of repulsion (worn)
Jewellery
 f - an amulet of regeneration (around neck)
 k - the cursed ring of Gedoeph {rF+ MR++ EV-4 Int-4 Dex-2}
   (You found it on level 4 of the Dungeon)

   [ring of evasion]

   It affects your evasion (-4).
   It affects your intelligence (-4).
   It affects your dexterity (-2).
   It protects you from fire.
   It affects your resistance to hostile enchantments.
   It has a curse placed upon it.
 n - an uncursed ring of protection from magic
 r - a ring of magical power (right hand)
 v - a ring of wizardry (left hand)
 w - a +4 ring of protection
 C - an uncursed ring of resist corrosion
Wands
 j - a wand of disintegration (9)
 z - a wand of acid (17)
 A - a wand of polymorph (11)
 F - a wand of clouds (3)
Scrolls
 q - a scroll of fog
 y - 2 scrolls of remove curse
Potions
 d - a potion of degeneration
 h - 3 potions of curing
 i - 2 potions of brilliance
 x - a potion of flight
Comestibles
 c - 15 rations
 u - 2 chunks of flesh


   Skills:
 * Level 5.5 Fighting
 + Level 3.0 Slings
 - Level 2.4 Dodging
 - Level 2.4 Stealth
 + Level 6.8 Spellcasting
 + Level 6.8 Conjurations


You had 13 spell levels left.
You knew the following spells:

 Your Spells              Type           Power        Failure   Level  Hunger
a - Magic Dart            Conj           ####         1%          1    None
b - Searing Ray           Conj           ####..       1%          2    None
c - Iskenderun's Mystic   Conj           ####....     2%          4    ###....

Your spell library contained the following spells:

 Spells                   Type           Power        Failure   Level  Hunger
 Dazzling Spray           Conj/Hex       ###...       2%          3    #......
 Corona                   Hex            #......      4%          1    None
 Ensorcelled Hibernation  Hex/Ice        #.....       6%          2    None
 Force Lance              Conj/Tloc      ###.....     10%         4    ###....
 Fulminant Prism          Conj/Hex       ###.......   10%         4    ###....
 Confuse                  Hex            #.......     12%         3    #......
 Tukima's Dance           Hex            #.......     12%         3    #......


Dungeon Overview and Level Annotations

Branches:
Dungeon (7/15)             Temple (0/1) D:7            Lair (0/6) D:9

Altars:
Kikubaaqudgha
Makhleb
Sif Muna
Trog
Yredelemnul

Annotations:
D:5 2 transporters, exclusion: downstairs, Thantalas's ghost, amateur BaIE


Message History

The bullfrog hits the plant but does no damage.
The hippogriff is engulfed in noxious fumes.
The hippogriff appears confused.
The hippogriff closely misses the orc warrior.
The hippogriff pecks the orc warrior but does no damage.
The hippogriff claws the orc warrior!
You feel better. The bullfrog hits you.
* * * LOW HITPOINT WARNING * * *
The jackal bites you but does no damage.
The bullfrog skeleton hits something but does no damage.
The bullfrog hits the plant but does no damage.
Evoke which item? (* to show all) (? for menu, Esc to quit)
Aiming: Cloud Cone
Press: ? - help, Dir - move target cursor, f - orc warrior, p - hippogriff
Aim: an orc warrior, wielding a +0 mace and wearing a +0 chain mail (moderately wounded)
You create a blast of freezing vapour!
The bullfrog hits you!
* * * LOW HITPOINT WARNING * * *
The orc warrior is engulfed in freezing vapours.
The orc warrior hits you with a +0 mace!!
You die...

...####
...#...
..P....
......
....##
Z...P#.
####PPP....
#§H@FF.P..#
#§o#h.....#
####YPP...#
....P..##
..PP.....
PPP...###
...P...h#
..#.#.# #.#


You could see a hippogriff (confused), an orc warrior, an ice beast, 2
bullfrogs, a jackal and a bullfrog skeleton.

Vanquished Creatures
  A water moccasin (D:6)
  An orc warrior (D:6)
  3 ogres
  A phantom (D:5)
  A scorpion (D:4)
  A howler monkey (D:5)
  A crimson imp (D:5)
  2 hounds (D:4)
  A jelly (D:7)
  2 orc priests
  A centaur skeleton (D:4)
  3 orc wizards (D:6)
  A bullfrog skeleton (D:5)
  Jessica (D:3)
  3 iguanas
  4 worker ants
  2 hound skeletons
  5 adders
  A shadow imp (D:6)
  An ooze (D:6)
  An adder skeleton (D:6)
  5 worms
  A dart slug (D:2)
  2 leopard geckos
  38 orcs
  5 bats
  4 giant cockroaches
  11 goblins
  6 hobgoblins
  2 jackals (D:2)
  3 quokkas
  3 ball pythons
  4 frilled lizards
  6 kobolds
  A quokka zombie (D:6)
  2 rats (D:1)
130 creatures vanquished.

Vanquished Creatures (others)
  6 plants (D:5)
6 creatures vanquished.

Grand Total: 136 creatures vanquished

Notes
Turn   | Place    | Note
-------+----------+-------------------------------------------
     0 | D:1      | Htamos the Deep Elf Conjurer began the quest for the Orb.
     0 | D:1      | Reached XP level 1. HP: 10/10 MP: 6/6
   910 | D:1      | Reached XP level 2. HP: 16/16 MP: 5/8
  1111 | D:2      | Reached skill level 1 in Fighting
  1304 | D:2      | Learned a level 2 spell: Searing Ray
  1332 | D:2      | Reached XP level 3. HP: 19/20 MP: 2/10
  1705 | D:2      | Found a bloodstained altar of Trog.
  1742 | D:2      | Found a burning altar of Makhleb.
  2196 | D:3      | Reached XP level 4. HP: 26/26 MP: 6/11
  2300 | D:3      | Learned a level 4 spell: Iskenderun's Mystic Blast
  2449 | D:3      | Reached skill level 5 in Conjurations
  2617 | D:3      | Reached XP level 5. HP: 31/31 MP: 4/13
  3233 | D:3      | Noticed Jessica
  3296 | D:3      | Killed Jessica
  3635 | D:4      | Found a basalt altar of Yredelemnul.
  3679 | D:4      | Reached XP level 6. HP: 37/37 MP: 10/15
  3991 | D:4      | Reached skill level 1 in Slings
  3991 | D:4      | Reached skill level 5 in Spellcasting
  4225 | D:4      | Got a coiled copper ring
  4348 | D:4      | Identified the cursed ring of Gedoeph {rF+ MR++ EV-4 Int-4
                  | Dex-2} (You found it on level 4 of the Dungeon)
  4358 | D:5      | Entered Level 5 of the Dungeon
  4416 | D:5      | Found a transporter.
  4422 | D:5      | Found a transporter.
  4627 | D:5      | Reached XP level 7. HP: 43/43 MP: 17/17
  4990 | D:5      | Identified the +7 shield of the Forest {rElec MR+}
  5036 | D:5      | Noticed Thantalas's ghost (amateur BaIE)
  5417 | D:6      | Reached XP level 8. HP: 48/48 MP: 12/19
  5502 | D:6      | Reached skill level 5 in Fighting
  6714 | D:7      | Found a shimmering blue altar of Sif Muna.
  6801 | D:7      | Became a worshipper of Sif Muna the Loreminder
  6896 | D:7      | Found an ancient bone altar of Kikubaaqudgha.
  7017 | D:7      | You fall into a shaft and drop 2 floors!
  7052 | D:9      | Noticed a two-headed ogre
  7058 | D:9      | Found a staircase to the Lair.
  7059 | D:9      | Noticed a hippogriff
  7068 | D:9      | Slain by an orc warrior

Levels and vault maps discovered:
D:1:      wander_arrival_chamber, layout_loops_corners, serial_forest,
          infiniplex_forest_pool, infiniplex_forest_clump_small,
          infiniplex_forest_clump_double, infiniplex_forest_clump_curved,
          infiniplex_forest_3_way, infiniplex_forest_end_2,
          infiniplex_forest_3_way, infiniplex_forest_lined_2,
          infiniplex_forest_straight_3
D:2:      layout_basic, bloody_makhleb, old_standard_altar,
          minmay_misc_feat_room
D:3:      minmay_spotlight, layout_basic, uniq_jessica
D:4:      layout_rooms, yredelemnul_altar_generic
D:5:      layout_loops_ring, gammafunk_ghost_gnarly_gnolls, first_ration
D:6:      layout_cave_pods
D:7:      layout_rooms, kiku_gazebo_pond_becter, nicolae_overflow_crystal_walls,
          minmay_temple_entry_offerings, serial_shops, shop
D:9:      layout_basic, grunt_lair_entry_orc_guard_hut, erik_orc_1

Skill      XL: |  1  2  3  4  5  6  7  8 |
---------------+-------------------------+-----
Fighting       | 1 2 3 4 5 |  5.5
Spellcasting   | 4 5 6 |  6.8
Conjurations   | 5 6 |  6.8
Slings         | 1 2 3 |  3.0
Dodging        | |  2.4
Stealth        | |  2.4

Action                   |  1- 3 |  4- 6 |  7- 9 || total
-------------------------+-------+-------+-------++-------
 Fire: Hunting sling     |       |       |     2 ||     2
 Cast: Magic Dart        |    70 |   150 |    91 ||   311
       Searing Ray       |     1 |     2 |    13 ||    16
       Iskenderun's Myst |       |     1 |     8 ||     9
Evoke: Wand              |       |     3 |     7 ||    10
  Use: Scroll            |     1 |    11 |     6 ||    18
       Potion            |       |       |     6 ||     6
  Eat: Chunk             |     4 |     7 |     8 ||    19
Armor: Robe              |     1 |     2 |    17 ||    20
Dodge: Dodged            |     8 |     8 |    26 ||    42

Table legend:
 A = Non-vault XP
 B = Vault XP
 C = Vault XP percentage of total XP
 D = Non-vault monster count
 E = Vault monster count
 F = Vault count percentage of total count
                 A         B        C        D         E       F
            +---------+---------+-------+---------+---------+-------
      Total |    1930 |      46 |   2.3 |     126 |       4 |   3.1
            +---------+---------+-------+---------+---------+-------
        D:1 |      14 |       0 |   0.0 |      10 |       0 |   0.0
        D:2 |      80 |       0 |   0.0 |      23 |       0 |   0.0
        D:3 |     153 |      40 |  20.7 |      32 |       2 |   5.9
        D:4 |     242 |       0 |   0.0 |      19 |       0 |   0.0
        D:5 |     428 |       0 |   0.0 |       8 |       0 |   0.0
        D:6 |     742 |       0 |   0.0 |      29 |       0 |   0.0
        D:7 |     271 |       0 |   0.0 |       5 |       0 |   0.0
        D:9 |       0 |       6 | 100.0 |       0 |       2 | 100.0
            +---------+---------+-------+---------+---------+-------
